 Dungeon Crawl Stone Soup version 0.28.0 (webtiles) character file.

Game seed: 14524222793211634400

5 Cykl0x the Digger (level 1, 0/10 HPs)
             Began as a Gargoyle Earth Elementalist on Feb 9, 2022.
             Slain by a kobold (3 damage)
             ... on level 1 of the Dungeon.
             The game lasted 00:00:53 (156 turns).

Cykl0x the Digger (Gargoyle Earth Elementalist)      Turns: 156, Time: 00:00:53

Health: 0/10       AC:  4    Str: 17    XL:     1   Next: 80%
Magic:  1/3        EV: 11    Int: 15    God:
Gold:   0          SH:  0    Dex: 10    Spells: 3/4 levels left

rFire   . . .      SeeInvis .   e - +0 club
rCold   . . .      Faith    .   (no shield)
rNeg    + . .      Spirit   .   b - +0 robe
rPois   ∞          Reflect  .   (no helmet)
rElec   +          Harm     .   (no cloak)
rCorr   .          Rampage  .   (no gloves)
Will    .....                   (no boots)
Stlth   ++........              (no amulet)
HPRegen 0.03/turn               a - +6 ring of strength
MPRegen 0.08/turn               (no ring)

@: no status effects
A: sickness immunity, AC +2, negative energy resistance 1, electricity
resistance, torment resistance 1, petrification resistance
a: no special abilities


You were on level 1 of the Dungeon.
You visited 1 branch of the dungeon, and saw 1 of its levels.

Inventory:

Hand Weapons
 e - a +0 club (weapon)
Missiles
 c - 23 stones
Armour
 b - a +0 robe (worn)
Jewellery
 a - a +6 ring of strength (left hand)
Scrolls
 d - a scroll of enchant weapon {unknown}


   Skills:
 * Level 0.2 Fighting
 + Level 1.5 Dodging
 - Level 2.1 Stealth
 + Level 2.0 Spellcasting
 * Level 0.3 Conjurations
 - Level 0.7 Transmutations
 + Level 3.9 Earth Magic


You had 3 spell levels left.
You knew the following spells:

 Your Spells              Type           Power      Damage    Failure   Level
a - Sandblast             Erth           26%        2d8       4%          1

Your spell library contained the following spells:

 Spells                   Type           Power      Damage    Failure   Level
 Passwall                 Tmut/Erth      6%         N/A       13%         2
 Stone Arrow              Conj/Erth      14%        3d7       28%         3
 Petrify                  Tmut/Erth      8%         N/A       63%         4


Dungeon Overview and Level Annotations

Branches:
Dungeon (1/15)

Altars:


Innate Abilities, Weirdness & Mutations

You are immune to sickness and miasma.
Your stone body is resilient. (AC +2)
You are immune to poison.
You resist negative energy. (rN+)
You are resistant to electric shocks. (rElec)
You are resistant to unholy torment.
You are immune to petrification.


Message History

A jackal comes into view.
Things that are here:
a +0 club; a goblin corpse
e - a +0 club (weapon)
The bat hits you.
A bat comes into view.
The bat barely misses you.
The giant cockroach waves its antennae.
The bat closely misses you. The giant cockroach bites you.
A kobold comes into view. It is wielding a +0 short sword.
The kobold shouts!
The blast of sand hits the giant cockroach.
The giant cockroach is moderately wounded.
The giant cockroach bites you but does no damage.
The kobold throws a stone.
The stone hits you but does no damage.
The kobold hits you with a +0 short sword.
The giant cockroach barely misses you.
You barely miss the kobold. The giant cockroach closely misses you.
The kobold hits you but does no damage.
You barely miss the kobold.
The giant cockroach bites you but does no damage.
The kobold hits you with a +0 short sword.
The giant cockroach bites you.
* * * LOW HITPOINT WARNING * * *
You barely miss the kobold. The kobold barely misses you.
The giant cockroach closely misses you. The kobold closely misses you.
You hit the kobold.
The kobold is severely wounded.
A ball python comes into view.
The giant cockroach bites you but does no damage.
The giant cockroach barely misses you. The kobold barely misses you.
You completely miss the kobold.
The kobold is severely wounded.
The giant cockroach barely misses you. The kobold barely misses you.
Unknown command.
You barely miss the kobold.
The kobold is severely wounded.
The giant cockroach completely misses you.
The kobold hits you with a +0 short sword.
You die...

#....#...##.##..
........†.Bh....
.....##..####
h≈.h..rK.†K.#
...###h###.# . #h#
#.## #b# #..# .#
#B####K###.##
#@#.....†...#
#K#.###.##..#
#.#.# #..#..#
#.#K# ##.#.h######
#.#.# #.#..##....
#.#h# #....##....
#.#.# ##...##....
#.#.#####...##....
#.K..>..........


You could see 2 jackals, a giant cockroach, a bat, 2 kobolds and a rat.

Vanquished Creatures
  A goblin (D:1)
  A hobgoblin (D:1)
  A quokka (D:1)
  A frilled lizard (D:1)
  A rat (D:1)
5 creatures vanquished.

Notes
Turn   | Place    | Note
-------+----------+-------------------------------------------
     0 | D:1      | Cykl0x the Gargoyle Earth Elementalist began the quest for
                  | the Orb.
     0 | D:1      | Reached XP level 1. HP: 10/10 MP: 3/3
   156 | D:1      | Slain by a kobold

Illustrated notes

Levels and vault maps discovered:
D:1:      nicolae_arrival_memento_mori, layout_basic, skrybe_limestone_x,
          minmay_box_of_dots

Action                   || total
-------------------------++-------
Melee: Club              ||     6
 Cast: Sandblast         ||     7
Armor: Robe              ||     7
Dodge: Dodged            ||    14
